 Dungeon Crawl Stone Soup version 0.29-a0-555-g3b24f45cc1 (webtiles) character file.

Game seed: 8697468525938824221

41 Hubjo the Insei (level 3, -3/26 (27) HPs)
             Began as a Demonspawn Transmuter on June 7, 2022.
             Slain by a smoke demon (4 damage)
             ... summoned by Xom
             ... on level 1 of the Dungeon.
             The game lasted 00:01:36 (1472 turns).

Hubjo the Insei (Demonspawn Transmuter)             Turns: 1472, Time: 00:01:37

HP:   -3/26 (27)    AC:  2    Str: 10    XL:     3   Next: 32%
MP:   6/6           EV: 14    Int: 14    God:
Gold: 22            SH:  0    Dex: 15    Spells: 5/6 levels left

rFire   . . .      SeeInvis .     - Unarmed
rCold   . . .      Faith    .   (no shield)
rNeg    . . .      Spirit   .   a - +0 robe
rPois   .          Reflect  .   (helmet currently unavailable)
rElec   .          Harm     .   (no cloak)
rCorr   .          Rampage  .   (no gloves)
Will    .....                   (boots currently unavailable)
Stlth   ++........              (no amulet)
HPRegen 0.08/turn               (no ring)
MPRegen 0.10/turn               (no ring)

@: appendages (expiring), lightly drained
A: talons 2, antennae 1, repulsion field 1
a: End Transformation


You were on level 1 of the Dungeon.
You had temporarily grown beastly talons.
You visited 1 branch of the dungeon, and saw 1 of its levels.

You collected 22 gold pieces.

Inventory:

Armour
 a - a +0 robe (worn)
Scrolls
 d - 2 scrolls of amnesia
 e - a scroll of teleportation {unknown}
 f - a scroll of magic mapping {unknown}
 i - a scroll of fear {unknown}
Potions
 b - a potion of lignification
 c - 2 potions of degeneration {unknown}
 g - a potion of curing {unknown}
 h - a potion of invisibility {unknown}


   Skills:
 * Level 2.1 Fighting
 - Level 1.7 Dodging
 + Level 0.9 Stealth
 + Level 3.0 Unarmed Combat
 + Level 2.2 Spellcasting
 + Level 2.1 Transmutations


You had 5 spell levels left.
You knew the following spells:

 Your Spells              Type           Power      Damage    Failure   Level
a - Beastly Appendage     Tmut           14%        N/A       10%         1

Your spell library contained the following spells:

 Spells                   Type           Power      Damage    Failure   Level
 Wereblood                Tmut           7%         N/A       14%         2
 Sublimation of Blood     Necr           1%         N/A       34%         2
 Spider Form              Tmut/Pois      4%         N/A       41%         3
 Ice Form                 Ice/Tmut       4%         N/A       83%         4
 Summon Hydra             Summ           0%         N/A       100%        7


Dungeon Overview and Level Annotations

Branches:
Dungeon (1/15)

Altars:
Xom


Innate Abilities, Weirdness & Mutations

You have temporarily grown beastly talons.
You have a pair of small antennae on your head.
You are surrounded by a mild repulsion field. (EV +2)


Message History

You hit the smoke demon.
You claw the smoke demon, but do no damage.
The smoke demon is lightly wounded.
The smoke demon hits you but does no damage.
The smoke demon closely misses you. The smoke demon hits you.
You closely miss the smoke demon.
The smoke demon is lightly wounded.
The smoke demon barely misses you. x3
You hit the smoke demon. Your kick misses the smoke demon.
The smoke demon is moderately wounded.
You completely miss the smoke demon. Your kick misses the smoke demon.
The smoke demon is moderately wounded.
The smoke demon barely misses you. x2; The smoke demon hits you.
You barely miss the smoke demon. Your kick misses the smoke demon.
The smoke demon is moderately wounded.
The smoke demon closely misses you.
The smoke demon hits you but does no damage.
The smoke demon hits you.
You closely miss the smoke demon. Your kick misses the smoke demon.
The smoke demon is moderately wounded.
Your transformation is almost over.
The smoke demon closely misses you. The smoke demon misses you.
The smoke demon closely misses you.
You hit the smoke demon but do no damage.
The smoke demon is moderately wounded.
The smoke demon misses you. The smoke demon hits you.
The smoke demon misses you.
You hit the smoke demon but do no damage.
The smoke demon is moderately wounded.
The smoke demon hits you. x2
* * * LOW HITPOINT WARNING * * *
The smoke demon hits you.
* * * LOW HITPOINT WARNING * * *
As you read the scroll labelled SEUMIC UNUXUSAU, it crumbles to dust.
It is a scroll of amnesia.
Okay, then.
The smoke demon hits you.
* * * LOW HITPOINT WARNING * * *
The smoke demon hits you.
You die...

####### ##.#..≈≈≈≈≈.≈.#
#. # #.##.≈≈.≈.≈...# #.
# ##...≈..≈...#.# #. ##
### ##...≈..#...#... #.
.# ##.## #..#...##.#.#
#( .####...##
#.##†###.#.## #.
..†......###†####..##.#
#.
.##...†....#.##..3#####
#. .##.##.#########@##
### #. .##.##.# #.$#
#.# #. .##.##.# #.##
#.# #. .##.##.# #. #.#
#. .##.##.# #. #.# #. .
#.##.# #. #.##########.
#.##.#
#.#####............ #.#
#.......########### #.#
#######.#


You could see a smoke demon (summoned).

Vanquished Creatures
  10 ball pythons (D:1)
  3 bats (D:1)
  3 endoplasms (D:1)
  5 goblins (D:1)
  5 hobgoblins (D:1)
  4 jackals (D:1)
  3 frilled lizards (D:1)
  3 kobolds (D:1)
  4 rats (D:1)
40 creatures vanquished.

Notes
Turn   | Place    | Note
-------+----------+-------------------------------------------
     0 | D:1      | Hubjo the Demonspawn Transmuter began the quest for the
                  | Orb.
     0 | D:1      | Reached XP level 1. HP: 15/15 MP: 3/3
   213 | D:1      | Gained mutation: You are surrounded by a mild repulsion
                  | field. (EV +2) [demonic ancestry]
   213 | D:1      | Reached XP level 2. HP: 20/21 MP: 3/5
   281 | D:1      | Found a faded altar of an unknown god.
   321 | D:1      | Prayed at the altar of an unknown god.
   321 | D:1      | Became a worshipper of Xom of Chaos
   322 | D:1      | Fell from the grace of Xom
   904 | D:1      | Lost mutation: You have a pair of horns on your head.
                  | [demonic ancestry]
   904 | D:1      | Lost mutation: You have a pair of small horns on your head.
                  | [demonic ancestry]
   904 | D:1      | Gained mutation: You have a pair of small antennae on your
                  | head. [demonic ancestry]
   904 | D:1      | Reached XP level 3. HP: 27/27 MP: 4/6
   945 | D:1      | Reached skill level 3 in Unarmed Combat
  1461 | D:1      | XOM: summons 1 hostile demon
  1462 | D:1      | Noticed a smoke demon
  1472 | D:1      | HP: 1/26 [smoke demon[Xom] (3)]
  1472 | D:1      | Slain by a smoke demon

Illustrated notes

Levels and vault maps discovered:
D:1:      dpeg_arrival_subterranean_lakeside_camping, layout_loops_ring,
          chequers_ecumenical_altar_simple_redux, minmay_pentomino_q2

Skill      XL: |  1  2  3 |
---------------+----------+-----
Transmutations | 2 |  2.1
Unarmed Combat | 3 |  3.0
Fighting       | 2 |  2.1
Dodging        | |  1.7
Stealth        | |  0.9
Spellcasting   | |  2.2

Action                   || total
-------------------------++-------
Melee: Unarmed           ||   104
       Kick              ||    20
       Headbutt          ||     7
 Cast: Beastly Appendage ||    30
Invok: Renounce Religion ||     1
  Use: Potion            ||     1
       Scroll            ||     1
 Stab: Sleeping          ||     3
Armor: Robe              ||    12
Dodge: Dodged            ||    74

Table legend: (Time is in decaauts)
 A = Elapsed time spent in this place.
 B = Non-inter-level travel time spent in this place.
 C = Inter-level travel time spent in this place.
 D = Time resting spent in this place.
 E = Time spent auto-exploring this place.
 F = Levels seen in this place.
 G = Mean time per level.
                   A        B        C        D        E       F      G
               +--------+--------+--------+--------+--------+-----+--------+
         Total |   1469 |   1469 |      0 |      0 |   1218 |   1 | 1469.0 |
       Dungeon |   1469 |   1469 |      0 |      0 |   1218 |   1 | 1469.0 |
               +--------+--------+--------+--------+--------+-----+--------+

Top non-repeatable levels by time:
     D:1: 1469 daAuts
